 Dungeon Crawl Stone Soup version 0.22-a0-86-g94e0ad4 (webtiles) character file.

16971 Kidiri the Thaumaturge (level 12, -8/70 HPs)
             Began as a Deep Elf Fire Elementalist on Jan 22, 2018.
             Was a Priest of Vehumet.
             Mangled by a six-headed hydra (10 damage)
             ... on level 3 of the Lair of Beasts.
             The game lasted 00:43:57 (14190 turns).

Kidiri the Thaumaturge (DEFE)                      Turns: 14190, Time: 00:43:57

Health: -8/70      AC: 13    Str:  5    XL:     12   Next: 14%
Magic:  21/39      EV: 17    Int: 30    God:    Vehumet [***...]
Gold:   847        SH:  0    Dex: 15    Spells: 5/36 levels left

rFire    . . .     SeeInvis .   I - +1 dagger (speed)
rCold    . . .     Gourm    .   (no shield)
rNeg     . . .     Faith    .   d - +2 robe {MR+}
rPois    .         Spirit   .   (no helmet)
rElec    .         Reflect  .   w - +1 cloak {MR+}
rCorr    .         Harm     .   i - +1 pair of gloves (curse)
MR       +++..                  h - +2 pair of boots
Stlth    ++........             (no amulet)
HPRegen  0.21/turn              r - ring of magical power
MPRegen  0.26/turn              g - +4 ring of intelligence

@: no status effects
A: rugged brown scales 1, blurry vision 1, mutation resistance 2
a: Renounce Religion


You were on level 3 of the Lair of Beasts.
You worshipped Vehumet.
Vehumet was most pleased with you.
You were not hungry.

You visited 3 branches of the dungeon, and saw 14 of its levels.

You collected 847 gold pieces.

Inventory:

Hand Weapons
 D - a +1 dagger of freezing
 I - a +1 dagger of speed (weapon)
Armour
 d - a +2 robe of magic resistance (worn)
 h - a +2 pair of boots (worn)
 i - a cursed +1 pair of gloves (worn)
 w - a +1 cloak of magic resistance (worn)
 C - a scarf of repulsion
Jewellery
 e - an uncursed ring of poison resistance
 g - a +4 ring of intelligence (right hand)
 r - a ring of magical power (left hand)
 y - a +2 ring of evasion
 B - an uncursed ring of fire
 F - an uncursed amulet of faith
 G - an uncursed ring of protection from cold
Wands
 b - a wand of iceblast (29)
 m - a wand of polymorph (10)
 o - a wand of flame (41)
 z - a wand of paralysis (19)
 J - a wand of acid (10)
Scrolls
 f - 5 scrolls of remove curse
 k - 6 scrolls of teleportation
 l - 3 scrolls of fog
 s - 5 scrolls of magic mapping
 x - a scroll of brand weapon
Potions
 a - a potion of haste
 j - 3 potions of flight
 n - 2 potions of resistance {unknown}
 p - 4 potions of lignification
 q - 3 potions of curing
 t - a potion of agility
 u - 2 potions of heal wounds {unknown}
 v - a potion of ambrosia
 A - a potion of magic
Books
 E - a book of Flames

   Spells                             Type                      Level
   a - Flame Tongue                   Conjuration/Fire             1
   b - Throw Flame                    Conjuration/Fire             2
   c - Conjure Flame                  Conjuration/Fire             3
   d - Inner Flame                    Hexes/Fire                   3
   e - Sticky Flame                   Conjuration/Fire             4
   f - Fireball                       Conjuration/Fire             5
Comestibles
 c - 20 rations
 H - 6 chunks of flesh


   Skills:
 + Level 4.8 Fighting
 + Level 5.6 Short Blades
 + Level 4.8 Armour
 + Level 7.5 Dodging
 - Level 2.4 Stealth
 * Level 12.7 Spellcasting
 + Level 7.6 Conjurations
 + Level 8.2 Fire Magic
 + Level 4.7 Ice Magic
 + Level 5.3 Air Magic
 + Level 5.2 Earth Magic


You had 5 spell levels left.
You knew the following spells:

 Your Spells              Type           Power        Failure   Level  Hunger
a - Flame Tongue          Conj/Fire      #####        1%          1    None
b - Throw Flame           Conj/Fire      ######       1%          2    None
c - Conjure Flame         Conj/Fire      ######..     1%          3    None
d - Inner Flame           Hex/Fire       #####...     1%          3    None
e - Sticky Flame          Conj/Fire      ######..     1%          4    None
f - Fireball              Conj/Fire      ######....   1%          5    #......
g - Bolt of Magma         Conj/Fire/Erth ######....   1%          5    #......
h - Throw Icicle          Conj/Ice       ######..     1%          4    None
i - Shock                 Conj/Air       ####         1%          1    None
j - Stone Arrow           Conj/Erth      ######       1%          3    None


Dungeon Overview and Level Annotations

Branches:
Dungeon (10/15)            Temple (1/1) D:4            Lair (3/6) D:10
  Snake (0/4) Lair:2
  Swamp: Lair:2-4    Shoals: Lair:2-4       Orc: D:9-12

Altars:
Ashenzari
Cheibriados
Dithmenos
Elyvilon
Fedhas
Gozag
Hepliaklqana
Kikubaaqudgha
Makhleb
Nemelex Xobeh
Okawaru
Qazlal
Ru
Sif Muna
Trog
Uskayaw
Vehumet
Wu Jian
Xom
Yredelemnul
Zin
The Shining One

Shops:
D:9 }

Portals:
Trove: D:10 (give 18 potions of curing)


Innate Abilities, Weirdness & Mutations

You are partially covered in rugged brown scales. (AC +1, +3% HP)
Scrolls take you a little longer to read.
You are somewhat resistant to both further mutation and mutation removal.


Message History

Casting: Bolt of Magma
Confirm with . or Enter, or press ? or * to list all spells.
Aiming: Sticky Flame
Press: ? - help, Shift-Dir - straight line, f/p - six-headed hydra
Aim: a six-headed hydra (severely wounded)
The sticky flame hits the six-headed hydra.
The six-headed hydra is almost dead.
The six-headed hydra is covered in liquid flames!
The six-headed hydra burns!
The six-headed hydra bites you.
The six-headed hydra bites you but does no damage.
The six-headed hydra bites you. The six-headed hydra barely misses you.
The six-headed hydra bites you!
* * * LOW HITPOINT WARNING * * *
The six-headed hydra bites you.
* * * LOW HITPOINT WARNING * * *
The six-headed hydra burns!
The six-headed hydra misses you. The six-headed hydra barely misses you.
The six-headed hydra closely misses you.
The six-headed hydra bites you!
You die...

#### #######..##
#####.#.......####
#.............##.##
..#.##.........<..#
#..###.....#.##..##
P...#..#.....P#..##
..........#####...#
..#.##....# #..@.##
..#.##.##.. ###D..#
..#.#### .##
#.....# ....#
##....# .P..#
##.### ....# .#
≈#... .. .. .##


You could see a six-headed hydra (burning).

Vanquished Creatures
  A hydra (D:9)
  3 two-headed ogres
  An unseen horror (D:10)
  Pikel (D:4)
  A lindwurm (Lair:3)
  The ghost of KristoblXynda the Grappler, a novice DrTm of Ashenzari (D:7)
  Maurice (D:8)
  A guardian serpent (Lair:2)
  Psyche (D:8)
  6 spiny frogs
  A troll (D:10)
  Grinder (D:3)
  2 hippogriffs
  6 yaks (Lair:2)
  A vampire (D:9)
  4 hogs (D:10)
  A human (D:10)
  2 hungry ghosts
  Menkaure (D:6)
  Edmund (D:6)
  4 porcupines
  5 orc warriors
  4 water moccasins
  8 ice beasts
  An eye of draining (D:10)
  A sky beast (D:5)
  5 necrophages (Lair:2)
  An ogre (D:8)
  2 phantoms
  3 crocodiles
  A big kobold (D:7)
  15 bullfrogs
  A gnoll sergeant (D:8)
  A wyvern zombie (D:9)
  A scorpion (D:8)
  2 water moccasin skeletons (D:5)
  5 wights (D:9)
  10 killer bees
  7 electric eels (D:10)
  6 crimson imps
  A centaur zombie (D:8)
  2 jellies
  2 bullfrog skeletons
  4 hounds
  6 orc priests
  The ghost of Ajdolov the Scratcher, a weakling FeTm (D:3)
  Crazy Yiuf (D:6)
  2 centaur skeletons
  12 orc wizards
  7 worker ants
  2 iguanas
  A killer bee zombie (D:8)
  3 hound skeletons
  A worker ant zombie (D:10)
  7 adders
  4 gnolls
  A howler monkey skeleton (D:5)
  4 shadow imps
  2 oozes
  An adder zombie (D:9)
  An adder skeleton (D:9)
  2 worms
  4 dart slugs
  2 leopard geckos
  38 orcs
  4 giant cockroaches
  3 goblins
  11 hobgoblins
  18 jackals
  5 quokkas
  3 ball pythons
  5 bats
  5 frilled lizards
  14 kobolds
  4 rats
303 creatures vanquished.

Vanquished Creatures (others)
  A quokka (D:2)
  A fungus (Lair:3)
  A plant (Lair:2)
3 creatures vanquished.

Grand Total: 306 creatures vanquished

Notes
Turn   | Place    | Note
-------+----------+-------------------------------------------
     0 | D:1      | Kidiri the Deep Elf Fire Elementalist began the quest for the Orb.
     0 | D:1      | Reached XP level 1. HP: 10/10 MP: 6/6
   435 | D:1      | Reached XP level 2. HP: 15/15 MP: 5/8
   583 | D:1      | Learned a level 2 spell: Throw Flame
  1045 | D:2      | Reached skill level 4 in Spellcasting
  1071 | D:2      | Reached XP level 3. HP: 9/19 MP: 1/10
  1227 | D:2      | Learned a level 3 spell: Conjure Flame
  1231 | D:2      | Learned a level 3 spell: Inner Flame
  1258 | D:2      | Found a sparkling altar of Nemelex Xobeh.
  1296 | D:2      | Found a white marble altar of Elyvilon.
  1540 | D:2      | Found a glowing golden altar of the Shining One.
  1748 | D:2      | Found a glowing golden altar of the Shining One.
  1753 | D:2      | Found a radiant altar of Vehumet.
  1753 | D:2      | Found an iron altar of Okawaru.
  1757 | D:2      | Found an ancient bone altar of Kikubaaqudgha.
  1764 | D:2      | Became a worshipper of Vehumet
  1786 | D:2      | Found a bloodstained altar of Trog.
  1938 | D:2      | Found a white marble altar of Elyvilon.
  2161 | D:3      | Noticed Ajdolov's ghost (weakling FeTm)
  2170 | D:3      | Killed Ajdolov's ghost
  2170 | D:3      | Reached skill level 5 in Spellcasting
  2170 | D:3      | Reached XP level 4. HP: 24/24 MP: 4/13
  2176 | D:3      | Learned a level 4 spell: Sticky Flame
  2407 | D:3      | Reached XP level 5. HP: 23/28 MP: 12/14
  2643 | D:3      | Reached * piety under Vehumet
  2643 | D:3      | Offered knowledge of Magic Dart by Vehumet.
  2643 | D:3      | Reached skill level 6 in Spellcasting
  2696 | D:3      | Found a faded altar of an unknown god.
  2751 | D:3      | Noticed Grinder
  2782 | D:3      | Paralysed by Grinder for 3 turns
  2786 | D:3      | Killed Grinder
  2786 | D:3      | Reached skill level 7 in Spellcasting
  2786 | D:3      | Reached skill level 5 in Fire Magic
  2786 | D:3      | Reached XP level 6. HP: 30/32 MP: 5/18
  2793 | D:3      | Learned a level 5 spell: Fireball
  3311 | D:4      | Found a staircase to the Ecumenical Temple.
  3322 | Temple   | Entered the Ecumenical Temple
  3475 | D:4      | Reached XP level 7. HP: 20/36 MP: 10/19
  3992 | D:4      | Noticed Pikel
  3997 | D:4      | Killed Pikel
  3997 | D:4      | Reached skill level 1 in Fighting
  3997 | D:4      | Reached skill level 1 in Short Blades
  3997 | D:4      | Reached skill level 1 in Armour
  3997 | D:4      | Reached skill level 8 in Spellcasting
  3997 | D:4      | Reached XP level 8. HP: 43/43 MP: 22/22
  4153 | D:4      | Found a sacrificial altar of Ru.
  4246 | D:5      | Entered Level 5 of the Dungeon
  4413 | D:5      | Offered knowledge of Shock by Vehumet.
  4414 | D:5      | Reached ** piety under Vehumet
  4679 | D:5      | Learned a level 1 spell: Shock
  4824 | D:5      | Reached skill level 1 in Air Magic
  4921 | D:5      | Reached skill level 9 in Spellcasting
  5205 | D:5      | Found a shadowy altar of Dithmenos.
  5213 | D:5      | Reached skill level 5 in Conjurations
  5247 | D:6      | Noticed Menkaure
  5249 | D:6      | Killed Menkaure
  5526 | D:6      | Offered knowledge of Stone Arrow by Vehumet.
  5526 | D:6      | Reached XP level 9. HP: 41/49 MP: 24/24
  5535 | D:6      | Learned a level 3 spell: Stone Arrow
  5764 | D:6      | Found a runed door.
  5853 | D:6      | Noticed Edmund
  5865 | D:6      | Killed Edmund
  5865 | D:6      | Reached skill level 1 in Earth Magic
  6221 | D:6      | Noticed Crazy Yiuf
  6226 | D:6      | Killed Crazy Yiuf
  6396 | D:7      | You fall through a shaft for 3 floors!
  6396 | D:10     | Entered Level 10 of the Dungeon
  6427 | D:10     | Reached skill level 5 in Dodging
  6444 | D:10     | Reached *** piety under Vehumet
  6444 | D:10     | Reached skill level 10 in Spellcasting
  6771 | D:10     | Found a staircase to the Lair.
  6808 | D:9      | Offered knowledge of Throw Icicle by Vehumet.
  6814 | D:9      | Learned a level 4 spell: Throw Icicle
  6815 | D:9      | Noticed a five-headed hydra
  6820 | D:8      | Noticed Psyche
  6879 | D:7      | Found a shimmering altar of Xom.
  6879 | D:7      | Found a burning altar of Makhleb.
  7006 | D:7      | Reached XP level 10. HP: 50/56 MP: 23/26
  7320 | D:7      | Noticed KristoblXynda's ghost (novice DrTm)
  7327 | D:7      | Killed KristoblXynda's ghost
  7327 | D:7      | Reached skill level 1 in Ice Magic
  7820 | D:8      | Reached **** piety under Vehumet
  7861 | D:8      | Offered knowledge of Bolt of Magma by Vehumet.
  8151 | D:8      | Noticed a two-headed ogre
  8164 | D:8      | Killed a two-headed ogre
  8164 | D:8      | Reached skill level 11 in Spellcasting
  8220 | D:8      | Learned a level 5 spell: Bolt of Magma
  8305 | D:8      | Killed Psyche
  8810 | D:9      | Found Reingyly's Gadget Shop.
  8865 | D:9      | Noticed Maurice
  8887 | D:8      | Killed Maurice
  9455 | D:9      | Killed a five-headed hydra
  9455 | D:9      | Reached XP level 11. HP: 45/61 MP: 19/28
  9557 | D:9      | Noticed a two-headed ogre
  9562 | D:9      | Killed a two-headed ogre
 10277 | D:10     | Noticed a two-headed ogre
 10282 | D:10     | Killed a two-headed ogre
 10377 | D:10     | Reached skill level 5 in Short Blades
 10574 | D:10     | Reached skill level 12 in Spellcasting
 10934 | D:10     | Found a portal to a secret trove of treasure.
 11042 | D:10     | Noticed an unseen horror
 11042 | D:10     | Killed an unseen horror
 11466 | Lair:1   | Entered Level 1 of the Lair of Beasts
 11816 | Lair:1   | Gained mutation: You are partially covered in rugged brown scales. (AC +1, +3% HP) [potion of mutation]
 11816 | Lair:1   | Gained mutation: Scrolls take you a little longer to read. [potion of mutation]
 11816 | Lair:1   | Gained mutation: You are somewhat resistant to further mutation. [potion of mutation]
 11816 | Lair:1   | Gained mutation: You are somewhat resistant to both further mutation and mutation removal. [potion of mutation]
 12641 | Lair:2   | Noticed a catoblepas
 12819 | Lair:2   | Found a staircase to the Snake Pit.
 12826 | Lair:2   | Reached skill level 5 in Air Magic
 12829 | Lair:2   | Reached skill level 5 in Earth Magic
 13434 | Lair:2   | Reached XP level 12. HP: 54/69 MP: 9/30
 14182 | Lair:3   | Noticed a six-headed hydra
 14189 | Lair:3   | HP: 2/70 [six-headed hydra (4)]
 14190 | Lair:3   | Mangled by a six-headed hydra

Vault maps used:
D:1:      erik_arrival_blinker_ship
D:2:      grunt_temple_overflow_open, elyvilon_altar_4, old_standard_altar,
          lemuel_crystal_altar, kennysheep_flooded_box, supply_closet_lemuel,
          minmay_liquid_box, nicolae_tso_swordbearing_angel
D:3:      chequers_ecumenical_altar_simple, uniq_grinder
D:4:      kennysheep_little_box, minmay_temple_entry_mist, first_ration,
          uniq_pikel
D:5:      grunt_dithmenos_shadows, hangedman_abyss_or_decor_passed
D:6:      uniq_menkaure, uniq_edmund, uniq_crazy_yiuf_cottage
D:7:      grunt_temple_overflow_champion_of_chaos
D:8:      uniq_psyche
D:9:      serial_shops, shop, uniq_maurice
D:10:     minmay_twisted_water, lair_entry_dummy, nicolae_trove_entry_crystal,
          grunt_livestock
Temple:   jpeg_temple_clearing
Lair:1:   st_stairs_8, serial_bayou_shore_b
Lair:2:   minmay_snake_entry_spellcaster, roderic_carrion_pond
Lair:3:   special_room, infiniplex_staircase_pool, uniq_gastronok

Skill      XL: |  1  2  3  4  5  6  7  8  9 10 11 |
---------------+----------------------------------+-----
Spellcasting   | 4 5 7 8 9 10 11 12 | 12.7
Conjurations   | 2 3 4 5 6 7 |  7.6
Fire Magic     | 4 5 6 7 8 |  8.2
Fighting       | 1 2 3 4 |  4.8
Short Blades   | 1 2 3 4 5 |  5.6
Armour         | 1 2 3 4 |  4.8
Dodging        | 3 4 5 6 7 |  7.5
Air Magic      | 1 3 4 5 |  5.3
Earth Magic    | 2 3 5 |  5.2
Ice Magic      | 3 4 |  4.7
Stealth        | |  2.4

Action                   |  1- 3 |  4- 6 |  7- 9 | 10-12 || total
-------------------------+-------+-------+-------+-------++-------
Melee: Unarmed           |     1 |       |       |       ||     1
       Short sword       |    22 |    28 |    92 |    29 ||   171
       Dagger            |     2 |       |       |   110 ||   112
 Cast: Flame Tongue      |    67 |    58 |   122 |   159 ||   406
       Conjure Flame     |     1 |     2 |    10 |     8 ||    21
       Inner Flame       |       |     3 |     8 |     4 ||    15
       Sticky Flame      |       |       |    14 |    25 ||    39
       Throw Flame       |       |       |    15 |    18 ||    33
       Shock             |       |       |    22 |       ||    22
       Throw Icicle      |       |       |     1 |    11 ||    12
       Bolt of Magma     |       |       |       |    67 ||    67
  Use: Scroll            |    11 |     3 |     7 |     8 ||    29
       Potion            |       |       |     1 |     1 ||     2
 Stab: Sleeping          |     3 |     2 |     7 |     3 ||    15
  Eat: Chunk             |     4 |     4 |     8 |    16 ||    32
       Ration            |       |       |     1 |     5 ||     6
Armor: Robe              |    19 |    13 |    42 |    50 ||   124
Dodge: Dodged            |    46 |    52 |   112 |   177 ||   387
       Deflected         |       |       |       |     1 ||     1

Table legend:
 A = Spawn XP
 B = Non-spawn XP
 C = Spawn XP percentage of total XP
 D = Spawn monster count
 E = Non-spawn monster count
 F = Spawn count percentage of total count
 G = Total turns spent on level
                    A         B        C        D         E        F      G
               +---------+---------+-------+---------+---------+-------+---------
         Total |       0 |   24245 |   0.0 |       0 |     303 |   0.0 | 14190
               +---------+---------+-------+---------+---------+-------+---------
           D:1 |       0 |      32 |   0.0 |       0 |      18 |   0.0 |  1070
           D:2 |       0 |      56 |   0.0 |       0 |      22 |   0.0 |  1010
           D:3 |       0 |     521 |   0.0 |       0 |      36 |   0.0 |  1152
           D:4 |       0 |     861 |   0.0 |       0 |      19 |   0.0 |   896
           D:5 |       0 |     944 |   0.0 |       0 |      30 |   0.0 |   994
           D:6 |       0 |    1002 |   0.0 |       0 |      18 |   0.0 |  1064
           D:7 |       0 |    1409 |   0.0 |       0 |      25 |   0.0 |   858
           D:8 |       0 |    3023 |   0.0 |       0 |      25 |   0.0 |  1494
           D:9 |       0 |    3175 |   0.0 |       0 |      32 |   0.0 |  1139
          D:10 |       0 |    5728 |   0.0 |       0 |      43 |   0.0 |  1669
        Lair:1 |       0 |    1720 |   0.0 |       0 |       8 |   0.0 |   993
        Lair:2 |       0 |    3924 |   0.0 |       0 |      18 |   0.0 |  1447
        Lair:3 |       0 |    1850 |   0.0 |       0 |       9 |   0.0 |   284
               +---------+---------+-------+---------+---------+-------+---------
